 Dungeon Crawl Stone Soup version 0.31.0-11-ge490571c62 (webtiles) character file.

Game seed: 6979659256271153556

11408 Bobbunny the Fighter (level 12, -11/103 HPs)
             Began as a Formicid Delver on Jan 31, 2024.
             Was an Elder of Qazlal.
             Mangled by a red ugly thing (15 damage)
             ... on level 11 of the Dungeon.
             The game lasted 00:13:30 (11211 turns).

Bobbunny the Fighter (Formicid Delver)             Turns: 11211, Time: 00:13:31

Health: -11/103    AC: 14    Str: 21    XL:     12   Next: 7%
Magic:  16/16      EV:  7    Int: 17    God:    Qazlal [****..]
Gold:   692        SH: 21    Dex: 15    Spells: 11/11 levels left

rFire   . . .        G - +1 battleaxe
rCold   . . .        j - +5 buckler of Zopsawem {+Blink rPois rN+++ Stlth-}
rNeg    + + +        g - +0 plate armour
rPois   +            (helmet unavailable)
rElec   .            P - +0 cloak {Stlth+}
rCorr   +            N - +0 pair of gloves
SInv    +            (no boots)
Will    +....        h - amulet of reflection Stlth
                     u - +6 ring of intelligence
HPRegen 0.37/turn    C - ring of resist corrosion
MPRegen 0.15/turn

%: repel missiles, reflection
@: no status effects
A: permanent stasis, dig shafts and tunnels, antennae 3, four strong arms
a: Dig, Shaft Self, Renounce Religion, Upheaval, Elemental Force


You were on level 11 of the Dungeon.
You worshipped Qazlal.
Qazlal was greatly pleased with you.
You visited 2 branches of the dungeon, and saw 12 of its levels.

You collected 791 gold pieces.
You spent 99 gold pieces at shops.

Inventory:

Hand Weapons
 A - a +3 war axe
 G - a +1 battleaxe (weapon)
Missiles
 f - 7 poisoned darts
 i - 4 throwing nets
 t - 4 boomerangs (quivered)
 M - 3 curare-tipped darts
 O - 6 javelins
Armour
 g - a +0 plate armour (worn)
 j - the +5 buckler of Zopsawem (worn) {+Blink rPois rN+++ Stlth-}
   (You found it on level 3 of the Dungeon)

   rPois:     It protects you from poison rN+++: It renders you almost immune to
   negative energy.
   +Blink:    It lets you blink.
   Stlth-:    It makes you less stealthy.
 m - the +1 robe of the Saviour {rPois rF+}
   (You found it on level 5 of the Dungeon)

   rF+:       It protects you from fire.
   rPois:     It protects you from poison
 x - a +1 ring mail of fire resistance
 N - a +0 pair of gloves (worn)
 P - a +0 cloak of stealth (worn)
Jewellery
 h - an amulet of reflection (around neck)
 u - a +6 ring of intelligence (left hand)
 C - a ring of resist corrosion (right hand)
 E - a ring of fire
 Q - an amulet of faith
Wands
 b - a wand of mindburst (16)
 y - a wand of flame (28)
 B - a wand of digging (2)
 D - a wand of charming (21)
 F - a wand of roots (23)
Scrolls
 a - a scroll of identify
 c - 4 scrolls of fog
 d - 2 scrolls of revelation
 e - 2 scrolls of fear
 l - 2 scrolls of noise
 n - a scroll of vulnerability
 o - 2 scrolls of poison
 q - 3 scrolls of enchant armour
 s - 3 scrolls of immolation
 z - a scroll of silence
 I - a scroll of amnesia
Potions
 k - 3 potions of lignification
 p - a potion of berserk rage {unknown}
 r - 4 potions of curing
 v - 4 potions of heal wounds
 w - 3 potions of brilliance
 H - a potion of ambrosia {unknown}
 J - a potion of mutation {unknown}
 R - a potion of invisibility {unknown}
 S - a potion of attraction {unknown}


   Skills:
 + Level 12.9 Fighting
 + Level 11.7 Axes
 - Level 2.0 Throwing
 + Level 4.6 Armour
 - Level 3.0 Dodging
 - Level 6.0 Stealth
 - Level 5.0 Shields
 - Level 6.0 Invocations


You had 11 spell levels left.
You didn't know any spells.
Your spell library contained the following spells:

 Spells                   Type           Power      Damage    Failure   Level
 Slow                     Hex            0%         N/A       100%        1
 Sublimation of Blood     Necr           0%         N/A       100%        2
 Confusing Touch          Hex            0%         N/A       100%        3
 Dazzling Flash           Conj/Hex       0%         N/A       100%        3
 Frozen Ramparts          Ice            0%         1d1       100%        3
 Inner Flame              Hex/Fire       0%         N/A       100%        3
 Sigil of Binding         Hex            0%         N/A       100%        3
 Vampiric Draining        Necr           0%         2d6       100%        3
 Volatile Blastmotes      Fire/Tloc      0%         2d10      100%        3
 Flame Wave               Conj/Fire      0%         2d4       100%        4
 Leda's Liquefaction      Alch/Erth      0%         N/A       100%        4
 Petrify                  Alch/Erth      0%         N/A       100%        4
 Sticky Flame             Fire/Alch      0%         2d4       100%        4
 Irradiate                Conj/Alch      0%         3d11      100%        5
 Metabolic Englaciation   Hex/Ice        0%         N/A       100%        5
 Starburst                Conj/Fire      0%         6d3       100%        6
 Maxwell's Capacitive Co  Air            0%         ∞         100%        8


Dungeon Overview and Level Annotations

Branches:
Dungeon (11/15)            Temple (1/1) D:4             Orc (0/2) D:9
   Lair: D:8-11

Altars:
Ashenzari
Cheibriados
Dithmenos
Elyvilon
Fedhas
Gozag
Hepliaklqana
Kikubaaqudgha
Makhleb
Nemelex Xobeh
Okawaru
Qazlal
Ru
Sif Muna
Trog
Uskayaw
Vehumet
Wu Jian
Xom
Yredelemnul
Zin
The Shining One

Shops:
D:2 ?   D:6 (


Innate Abilities, Weirdness & Mutations

You cannot be hasted, slowed, berserked, paralysed or teleported.
You can dig through walls and to a lower floor.
You have a pair of large antennae on your head. (SInv)
Your four strong arms can wield two-handed weapons with a shield.


Message History

You slash the red ugly thing!
The red ugly thing is moderately wounded.
You block the red ugly thing's attack. x2
You barely miss the red ugly thing.
The red ugly thing is moderately wounded.
The red ugly thing tentacle-slaps you!
You are engulfed in flames!
You closely miss the red ugly thing.
The red ugly thing is moderately wounded.
You block the red ugly thing's attack.
You barely miss the red ugly thing.
The red ugly thing is moderately wounded.
The red ugly thing tentacle-slaps you!
You are engulfed in flames!!
You are too injured to fight recklessly!
You are too injured to fight recklessly!
You barely miss the red ugly thing.
The red ugly thing is moderately wounded.
The red ugly thing tentacle-slaps you.
You are engulfed in flames!
You hit the red ugly thing.
The red ugly thing is moderately wounded.
The red ugly thing tentacle-slaps you.
You are engulfed in flames!!
* * * LOW HITPOINT WARNING * * *
You slash the red ugly thing!
The red ugly thing is heavily wounded.
You block the red ugly thing's attack.
You hit the red ugly thing but do no damage.
The red ugly thing is heavily wounded.
The red ugly thing tentacle-slaps you but does no damage.
You closely miss the red ugly thing.
The red ugly thing is heavily wounded.
You block the red ugly thing's attack. x2
Aiming: Upheaval
Press: ? - help, Dir - move target, f - red ugly thing
Aim: a red ugly thing (heavily wounded)
Okay, then.
You closely miss the red ugly thing.
The red ugly thing is heavily wounded.
The red ugly thing tentacle-slaps you!
* * * LOW HITPOINT WARNING * * *
You are engulfed in flames!
You die...

#.....#
#.....#
########.....#
.............#
.............#
.###########.#
#.# #.# #@#
#u# #.# #.#
..# ..# ..P
..PP


You could see a red ugly thing.

Vanquished Creatures
  A two-headed ogre (D:9)
  Amaemon (D:8)
  Pikel (D:8)
  A wolf spider zombie (D:9)
  A centaur zombie (D:9)
  Jeremiah (D:7)
  2 centaur skeletons (D:9)
  An orange demon (D:8)
  2 komodo dragons
  Psyche (D:8)
  2 trolls (D:10)
  A hellwing (D:8)
  A harpy skeleton (D:9)
  A shadow (D:10)
  3 wyverns
  2 wraiths
  8 yaks
  A vampire (D:10)
  2 water moccasins (D:7)
  A sky beast (D:8)
  Duvessa (D:7)
  4 orc warriors
  2 ice beasts (D:6)
  3 centaurs
  An ogre (D:5)
  3 lemures (D:8)
  2 phantoms
  A kobold brigand (D:9)
  3 bullfrogs
  8 scorpions
  A gnoll sergeant (D:6)
  Dowan (D:7)
  4 wights (D:7)
  11 killer bees
  6 howler monkeys
  6 hounds
  3 jellies
  6 orc priests
  A gnoll bouda (D:6)
  An iguana (D:7)
  5 orc wizards
  Robin (D:2)
  6 adders
  14 gnolls
  4 shadow imps
  A white imp (D:7)
  2 ufetubi (D:5)
  3 dart slugs
  4 ribbon worms
  41 orcs
  7 ball pythons
  3 bats
  10 endoplasms
  4 giant cockroaches
  14 goblins
  16 hobgoblins
  2 jackals (D:4)
  6 quokkas
  A frilled lizard (D:1)
  8 kobolds
  4 rats
258 creatures vanquished.

Vanquished Creatures (collateral kills)
  A killer bee (D:9)
1 creature vanquished.

Grand Total: 259 creatures vanquished

Notes
Turn   | Place    | Note
-------+----------+-------------------------------------------
     0 | D:5      | Bobbunny the Formicid Delver began the quest for the Orb.
     0 | D:5      | Reached XP level 1. HP: 18/18 MP: 1/1
   148 | D:4      | Found a staircase to the Ecumenical Temple.
   157 | Temple   | Entered the Ecumenical Temple
   166 | Temple   | Became a worshipper of Qazlal Stormbringer
   203 | D:4      | Reached XP level 2. HP: 24/24 MP: 2/2
   204 | D:4      | Noticed a bullfrog
   253 | D:3      | Found a bloodstained altar of Trog.
   305 | D:3      | Identified the +5 buckler of Zopsawem {+Blink rPois rN+++
                  | Stlth-}
   323 | D:3      | Reached XP level 3. HP: 30/30 MP: 3/3
   373 | D:3      | Reached skill level 4 in Fighting
   595 | D:2      | Noticed Robin
   599 | D:2      | Reached * piety under Qazlal
   605 | D:2      | Reached XP level 4. HP: 19/37 MP: 4/4
   630 | D:2      | Killed Robin
  1141 | D:1      | Reached XP level 5. HP: 43/43 MP: 5/5
  2010 | D:2      | Found Biakk's Magic Scroll Shoppe.
  2018 | D:2      | Bought a scroll of identify for 22 gold pieces
  2018 | D:2      | Bought a scroll of teleportation for 33 gold pieces
  2153 | D:2      | Reached skill level 5 in Fighting
  2248 | D:2      | Reached ** piety under Qazlal
  3258 | D:4      | Found a sparkling altar of Nemelex Xobeh.
  3327 | D:4      | Killed a bullfrog
  3328 | D:4      | Reached XP level 6. HP: 51/51 MP: 6/6
  3692 | D:2      | Bought a scroll of immolation for 44 gold pieces
  3861 | D:5      | Reached skill level 1 in Throwing
  3861 | D:5      | Reached XP level 7. HP: 54/57 MP: 7/7
  3900 | D:5      | Reached skill level 6 in Fighting
  3900 | D:5      | Reached skill level 5 in Axes
  4359 | D:5      | Identified the +1 robe of the Saviour {rPois rF+}
  4422 | D:5      | Reached skill level 7 in Fighting
  4422 | D:5      | Reached XP level 8. HP: 49/67 MP: 8/8
  4906 | D:5      | Found a glowing golden altar of the Shining One.
  4906 | D:5      | Found a white marble altar of Elyvilon.
  4907 | D:5      | Found a glowing silver altar of Zin.
  5035 | D:6      | Reached skill level 1 in Invocations
  5175 | D:6      | Found an ancient bone altar of Kikubaaqudgha.
  5289 | D:6      | Reached skill level 8 in Fighting
  5440 | D:6      | Reached XP level 9. HP: 74/74 MP: 11/11
  5455 | D:6      | Reached *** piety under Qazlal
  5942 | D:6      | Found a burning altar of Makhleb.
  6141 | D:6      | Found Fossuume's Weapon Emporium.
  6409 | D:7      | Noticed Duvessa
  6409 | D:7      | Noticed Dowan
  6417 | D:7      | Killed Dowan
  6420 | D:7      | Killed Duvessa
  6747 | D:7      | Reached skill level 9 in Fighting
  6806 | D:7      | Reached skill level 5 in Invocations
  7198 | D:7      | Noticed Jeremiah
  7219 | D:7      | Killed Jeremiah
  7220 | D:7      | Reached XP level 10. HP: 71/84 MP: 14/14
  7554 | D:7      | HP: 4/85 [yak (8)]
  7556 | D:7      | Reached skill level 10 in Fighting
  7803 | D:8      | Found an iron altar of Okawaru.
  7807 | D:8      | Found a radiant altar of Vehumet.
  7809 | D:8      | Found a hide-covered altar of Uskayaw.
  7812 | D:8      | Found a shimmering altar of Xom.
  7916 | D:8      | Noticed an orange demon
  7935 | D:8      | Killed an orange demon
  8021 | D:8      | Noticed Pikel
  8140 | D:8      | Killed Pikel
  8141 | D:8      | Reached skill level 11 in Fighting
  8148 | D:8      | Reached skill level 10 in Axes
  8410 | D:8      | Noticed Amaemon
  8426 | D:8      | Killed Amaemon
  8427 | D:8      | Reached XP level 11. HP: 94/95 MP: 15/15
  8562 | D:8      | Reached **** piety under Qazlal
  8584 | D:8      | Noticed Psyche
  8593 | D:8      | Killed Psyche
  8594 | D:8      | Reached skill level 12 in Fighting
  8923 | D:9      | Reached skill level 1 in Shields
  8955 | D:9      | Reached skill level 1 in Armour
  8971 | D:9      | Found a staircase to the Orcish Mines.
  9782 | D:9      | Found a broken altar of Ashenzari.
  9924 | D:9      | Found a shadowy altar of Dithmenos.
  9924 | D:9      | Noticed a two-headed ogre
  9931 | D:9      | Killed a two-headed ogre
  9945 | D:9      | Found an ornate altar of the Wu Jian Council.
 10155 | D:10     | Entered Level 10 of the Dungeon
 10547 | D:10     | Found a basalt altar of Yredelemnul.
 10731 | D:10     | Reached skill level 5 in Shields
 10923 | D:10     | Reached XP level 12. HP: 99/103 MP: 16/16
 11211 | D:11     | HP: 4/103 [red ugly thing (12)]
 11211 | D:11     | Mangled by a red ugly thing

Illustrated notes

Levels and vault maps discovered:
D:1:      pf_arrival_petrified_forest, layout_basic, roderic_lattice_a,
          minmay_pentomino_r4
D:2:      minmay_angry_zag, layout_basic, serial_shops, shop_statue,
          kennysheep_pointless_box, uniq_robin
D:3:      wad_woods_tower, layout_rooms, nicolae_overflow_hidden_temple,
          hangedman_decor_opposing, grunt_ministairs_2, chequers_mini_garden
D:4:      layout_basic, nemelex_dance_club_becter,
          minmay_temple_entry_antechambers, minmay_misc_feat_secret_circle
D:5:      kennysheep_six_static_rooms, layout_basic, good_gods_mini_temple,
          portal_sewer_entry_d
D:6:      layout_layer_cave, mainiacjoe_overflow_catwalk, marbit_many_paths,
          serial_shops, kennysheep_little_box
D:7:      layout_loops_corners, uniq_jeremiah, uniq_duvessa
D:8:      layout_basic, nicolae_overflow_macrodata_refinement, enter_bailey_4,
          uniq_pikel, uniq_psyche, uniq_amaemon
D:9:      cheibrodos_grave_circle, layout_long_grid, kennysheep_mini_moat,
          jmf_multi_god_temple2, hiddenorc1_lemuel, minmay_misc_feat_doors,
          chequers_serial_rivers_marsh
D:10:     layout_roguey, mainiacjoe_overflow_surrounded_room
D:11:     layout_irregular_city, david_lair_shrubbed, hangedman_weighted_door
Temple:   nicolae_temple_ecumenical_triangle

Skill      XL: |  1  2  3  4  5  6  7  8  9 10 11 |
---------------+----------------------------------+-----
Fighting       | 4 5 7 8 9 11 12 | 12.9
Axes           | 3 4 5 7 8 10 11 | 11.7
Throwing       | 1 2 |  2.0
Invocations    | 3 6 |  6.0
Dodging        | 3 |  3.0
Shields        | 5 |  5.0
Armour         | 4 |  4.6
Stealth        | |  6.0

Action                     |  1- 3 |  4- 6 |  7- 9 | 10-12 || total
---------------------------+-------+-------+-------+-------++-------
  Melee: Hand axe          |    93 |   201 |   182 |       ||   476
         War axe           |       |       |   110 |   241 ||   351
         Battleaxe         |       |       |       |    76 ||    76
  Throw: Dart              |       |     3 |       |       ||     3
         Boomerang         |       |       |       |     7 ||     7
  Evoke: Wand              |     1 |       |       |     1 ||     2
    Use: Scroll            |       |       |    11 |     3 ||    14
         Potion            |       |       |       |     1 ||     1
   Stab: Sleeping          |     5 |       |       |       ||     5
 Armour: Leather armour    |    43 |    25 |       |       ||    68
         Ring mail         |       |    23 |   128 |    57 ||   208
         Plate armour      |       |       |       |   122 ||   122
  Dodge: Dodged            |    49 |    58 |    64 |    78 ||   249
  Block: Buckler           |    57 |   170 |   256 |   318 ||   801
         Other             |     1 |       |       |       ||     1
         Reflection        |     1 |     3 |     8 |    14 ||    26
